Capitals vs Flyers
Created - April 19, 2022 at 19:51
Goals
|
| Capitals |
0 |
1 |
1 |
1 |
3 |
| Flyers |
0 |
1 |
1 |
0 |
2 |
|
Shots
|
| Capitals |
7 |
8 |
13 |
1 |
29 |
| Flyers |
10 |
7 |
14 |
0 |
31 |
|
1st period
No Goal
Penalties :
Matt Smaby (Phi) for Slashing (Minor) at 10:17, Jeff Woywitka (Phi) for Hooking (Minor) at 14:14, Blake Pietila (Was) for Holding (Minor) at 18:15
2nd period
1. Capitals , Jason Spezza 28 (Alexander Radulov 17, Nikita Zaitsev 9) at 11:03
2. Flyers , Marcus Kruger 10 (Jordan Nolan 40, Jonathan Ericsson 3) at 19:14
Penalties :
Jeff Carter (Phi) for Diving (Minor) at 0:27, Jonathan Ericsson (Phi) for Hooking (Minor) at 17:05
3rd period
3. Flyers , Drew Miller 13 (Niclas Bergfors 15, Jeff Carter 18) at 2:48
4. Capitals , Cody Hodgson 21 (Blake Pietila 17, PK Subban 19) at 16:50 (PP)
Penalties :
Jakub Voracek (Phi) for High sticking (Double Minor) at 4:21, Drew Miller (Phi) for Goalie Interference (Minor) at 12:50, Jacob Trouba (Phi) for Hooking (Minor) at 16:21
Overtime #1
5. Capitals , Jason Spezza 29 (PK Subban 20) at 0:06
Penalties :
No Penalty
Goalie Stats
Cory Schneider (Was), 29 saves from 31 shots - (0.935), W, 15-18-8, 60:06 minutes
Steve Mason (Phi), 26 saves from 29 shots - (0.897), OTL, 19-8-1, 60:06 minutes
Players Stats for Capitals
Player Name G A P +/- PIM S H SB GA TA FO MP PP MP PK MP
------------------------------------------------------------------------------------
Alexander Radulov 0 1 1 0 0 2 1 1 0 1 0/1 20:32 7:13 0:00
Alexei Marchenko 0 0 0 1 0 1 1 2 1 0 0/0 17:48 0:39 1:37
Antoine Vermette 0 0 0 0 0 2 0 1 0 1 9/11 12:47 1:08 0:27
Blake Pietila 0 1 1 0 2 2 2 0 0 0 2/4 19:29 6:03 0:00
Brad Richardson 0 0 0 -1 0 2 1 1 0 1 0/0 12:43 0:53 0:47
Brian Ferlin 0 0 0 0 0 3 0 0 0 0 0/0 12:25 1:07 0:00
Cameron Gaunce 0 0 0 -2 0 1 0 1 0 1 0/0 17:25 5:58 0:00
Cody Hodgson 1 0 1 0 0 1 2 1 1 1 3/6 14:25 6:03 0:00
Jason Spezza 2 0 2 1 0 6 7 0 2 0 10/32 21:59 7:12 1:12
Jujhar Khaira 0 0 0 0 0 1 1 0 0 1 0/1 10:48 0:00 0:00
Mark Stone 0 0 0 -1 0 1 1 1 0 0 1/2 10:35 0:00 0:00
Mike Cammalleri 0 0 0 1 0 1 1 1 2 0 1/3 17:15 7:27 1:12
Nikita Zaitsev 0 1 1 0 0 0 3 2 0 0 0/0 22:03 5:58 0:22
PK Subban 0 2 2 1 0 1 0 3 2 2 0/0 26:49 7:46 1:37
Sean Monahan 0 0 0 -1 0 0 0 0 2 0 6/8 10:55 0:00 0:20
Steve Bernier 0 0 0 0 0 1 1 1 0 0 1/1 14:19 6:03 0:00
Trevor Daley 0 0 0 -1 0 0 1 0 0 1 0/0 10:49 0:22 0:00
Victor Hedman 0 0 0 1 0 4 2 1 1 0 0/0 25:18 8:03 0:22
Players Stats for Flyers
Player Name G A P +/- PIM S H SB GA TA FO MP PP MP PK MP
------------------------------------------------------------------------------------
Brian Lashoff 0 0 0 2 0 0 1 0 0 2 0/0 12:19 0:00 3:16
Brock Nelson 0 0 0 0 0 1 1 0 1 1 0/0 9:21 0:00 2:16
Chris Mcallister 0 0 0 1 0 3 0 1 0 0 0/0 14:53 0:00 3:30
Drew Miller 1 0 1 1 2 3 0 1 0 1 0/0 11:57 0:56 0:00
J.T. Miller 0 0 0 -2 0 2 1 0 0 2 7/11 22:21 1:03 7:22
Jacob Trouba 0 0 0 -2 2 1 0 3 1 0 0/0 27:27 0:46 7:39
Jakub Voracek 0 0 0 -1 4 3 0 0 1 0 1/2 18:19 1:03 3:11
Jeff Carter 0 1 1 1 2 3 1 0 2 1 6/12 16:20 0:56 3:37
Jeff Woywitka 0 0 0 -2 2 4 0 1 0 0 0/0 27:30 0:46 6:47
Jonathan Ericsson 0 1 1 2 2 0 0 0 0 0 0/0 10:53 0:00 0:50
Jordan Nolan 0 1 1 -2 0 2 2 0 1 0 18/27 22:37 1:03 7:38
Marcus Kruger 1 0 1 1 0 2 1 0 1 1 0/1 11:32 0:00 0:00
Matt Smaby 0 0 0 0 2 2 1 3 0 1 0/0 21:07 1:13 4:49
Matthew Lombardi 0 0 0 0 0 1 0 0 0 1 1/5 8:08 0:00 1:12
Nathan Beaulieu 0 0 0 0 0 1 1 1 1 0 0/0 21:21 1:13 5:25
Niclas Bergfors 0 1 1 1 0 2 2 0 1 0 2/2 11:30 0:56 0:00
Travis Zajac 0 0 0 1 0 1 1 0 0 1 1/8 11:23 0:00 0:00
Tyler Randell 0 0 0 0 0 0 1 0 0 0 0/1 6:56 0:00 0:00
3 Stars
1 - Jason Spezza (Was)
2 - PK Subban (Was)
3 - Cody Hodgson (Was)
Power Play
Capitals - 1 on 8 Attempt(s) - 12.50%
Flyers - 0 on 1 Attempt(s) - 0.00%
Penalty Kill
Capitals - 1 on 1 Attempt(s) - 100.00%
- Score 0 goal in Penalty Kill
Flyers - 7 on 8 Attempt(s) - 87.50%
- Score 0 goal in Penalty Kill
Team Stat
Capitals - Hits : 24 - Faceoff Wins : 33 - Blocked Shots : 16 - Penalty Minutes : 2
Flyers - Hits : 13 - Faceoff Wins : 36 - Blocked Shots : 10 - Penalty Minutes : 16
Official
Referees : Justin St. Pierre and Pierre Lambert
Linesman : Libor Suchanek and Steve Miller
Game Notes
No Game Note
Finance
Level 1 -- Attendance: 3775 (62.92%) -- Ticket Income $471,875
Level 2 -- Attendance: 3667 (73.34%) -- Ticket Income $275,025
Level 3 -- Attendance: 1207 (60.35%) -- Ticket Income $60,350
Level 4 -- Attendance: 2403 (60.08%) -- Ticket Income $96,120
Luxury Box -- Attendance: 718 (71.80%) -- Ticket Income $179,500
Game was played at the Wells Fargo Center.
Total Attendance: 11770 (65.39%)
Total Ticket Income: $1,082,870
Other Income: $162,430
Total Income: $1,245,300
Capitals
5 vs 5 Forward
Center Left Wing Right Wing Time % Phy DF OF
1 Jason Spezza Blake Pietila Alexander Radulov 35 0 1 4
2 Cody Hodgson Mike Cammalleri Steve Bernier 25 0 2 3
3 Sean Monahan Brad Richardson Mark Stone 20 0 2 3
4 Antoine Vermette Jujhar Khaira Brian Ferlin 20 0 3 2
5 vs 5 Defense
Defense Defense Time % Phy DF OF
1 Victor Hedman PK Subban 35 0 3 2
2 Alexei Marchenko Nikita Zaitsev 35 0 4 1
3 Trevor Daley Cameron Gaunce 25 0 4 1
4 Victor Hedman PK Subban 5 0 3 2
PowerPlay Forward
Center Left Wing Right Wing Time % Phy DF OF
1 Jason Spezza Mike Cammalleri Alexander Radulov 60 0 1 4
2 Cody Hodgson Blake Pietila Steve Bernier 40 0 1 4
PowerPlay Defense
Defense Defense Time % Phy DF OF
1 PK Subban Victor Hedman 60 0 2 3
2 Cameron Gaunce Nikita Zaitsev 40 0 2 3
Penalty Kill 4 Players Forward
Center Wing Time % Phy DF OF
1 Jason Spezza Mike Cammalleri 60 0 4 1
2 Sean Monahan Blake Pietila 40 0 4 1
Penalty Kill 4 Players Defense
Defense Defense Time % Phy DF OF
1 PK Subban Alexei Marchenko 60 0 4 1
2 Victor Hedman Nikita Zaitsev 40 0 4 1
Penalty Kill - 3 Players Forward
Forward Time % Phy DF OF
1 Jason Spezza 60 0 5 0
2 Sean Monahan 40 0 5 0
Penalty Kill - 3 Players Defense
Defense Defense Time % Phy DF OF
1 PK Subban Alexei Marchenko 60 0 5 0
2 Victor Hedman Nikita Zaitsev 40 0 5 0
4 vs 4 Forward
Center Wing Time % Phy DF OF
1 Jason Spezza Mike Cammalleri 60 0 2 3
2 Cody Hodgson Alexander Radulov 40 0 2 3
4 vs 4 Defense
Defense Defense Time % Phy DF OF
1 PK Subban Victor Hedman 60 0 2 3
2 Cameron Gaunce Alexei Marchenko 40 0 2 3
Last Minutes Offensive
Center Left Wing Right Wing Defense Defense
Jason Spezza Mike Cammalleri Alexander Radulov PK Subban Victor Hedman
Last Minutes Defensive
Center Left Wing Right Wing Defense Defense
Jason Spezza Mike Cammalleri Brian Ferlin PK Subban Victor Hedman
Goaltenders
Starting : Cory Schneider
Backup : Chet Pickard
Extra Forwards
Normal : Jason Spezza, Cody Hodgson, Alexander Radulov - PP : Jason Spezza, Cody Hodgson - PK : Jason Spezza
Extra Defensemen
Normal : PK Subban, Victor Hedman, Alexei Marchenko - PP : PK Subban - PK : Victor Hedman, PK Subban
Penalty Shots
Jason Spezza, Cody Hodgson, Mike Cammalleri, Alexander Radulov, Victor Hedman
Scratches
Jared Spurgeon (Healthy), Kevin Connauton (Healthy), Martins Karsums (Healthy), Patrick Sharp (Healthy)
Flyers
5 vs 5 Forward
Center Left Wing Right Wing Time % Phy DF OF
1 Jordan Nolan J.T. Miller Jakub Voracek 40 1 2 2
2 Jeff Carter Drew Miller Niclas Bergfors 30 1 2 2
3 Travis Zajac Chris Mcallister Marcus Kruger 20 1 2 2
4 Matthew Lombardi Brock Nelson Tyler Randell 10 1 2 2
5 vs 5 Defense
Defense Defense Time % Phy DF OF
1 Jacob Trouba Jeff Woywitka 40 1 2 2
2 Matt Smaby Nathan Beaulieu 30 1 2 2
3 Jonathan Ericsson Brian Lashoff 20 1 2 2
4 Jacob Trouba Jeff Woywitka 10 1 2 2
PowerPlay Forward
Center Left Wing Right Wing Time % Phy DF OF
1 Jordan Nolan J.T. Miller Jakub Voracek 60 1 2 2
2 Jeff Carter Drew Miller Niclas Bergfors 40 1 2 2
PowerPlay Defense
Defense Defense Time % Phy DF OF
1 Jacob Trouba Jeff Woywitka 60 1 2 2
2 Matt Smaby Nathan Beaulieu 40 1 2 2
Penalty Kill 4 Players Forward
Center Wing Time % Phy DF OF
1 J.T. Miller Jordan Nolan 60 1 2 2
2 Jeff Carter Jakub Voracek 40 1 2 2
Penalty Kill 4 Players Defense
Defense Defense Time % Phy DF OF
1 Jacob Trouba Jeff Woywitka 60 1 2 2
2 Matt Smaby Nathan Beaulieu 40 1 2 2
Penalty Kill - 3 Players Forward
Forward Time % Phy DF OF
1 J.T. Miller 60 1 2 2
2 Jordan Nolan 40 1 2 2
Penalty Kill - 3 Players Defense
Defense Defense Time % Phy DF OF
1 Jacob Trouba Jeff Woywitka 60 1 2 2
2 Matt Smaby Nathan Beaulieu 40 1 2 2
4 vs 4 Forward
Center Wing Time % Phy DF OF
1 J.T. Miller Jordan Nolan 60 1 2 2
2 Jeff Carter Jakub Voracek 40 1 2 2
4 vs 4 Defense
Defense Defense Time % Phy DF OF
1 Jacob Trouba Jeff Woywitka 60 1 2 2
2 Matt Smaby Nathan Beaulieu 40 1 2 2
Last Minutes Offensive
Center Left Wing Right Wing Defense Defense
Jordan Nolan J.T. Miller Jakub Voracek Jacob Trouba Jeff Woywitka
Last Minutes Defensive
Center Left Wing Right Wing Defense Defense
Jordan Nolan J.T. Miller Jakub Voracek Jacob Trouba Jeff Woywitka
Goaltenders
Starting : Steve Mason
Backup : Ilya Sorokin
Extra Forwards
Normal : Travis Zajac, Marcus Kruger, Chris Mcallister - PP : Travis Zajac, Marcus Kruger - PK : Chris Mcallister
Extra Defensemen
Normal : Jonathan Ericsson, Brian Lashoff, Matt Smaby - PP : Jonathan Ericsson - PK : Brian Lashoff, Matt Smaby
Penalty Shots
J.T. Miller, Jordan Nolan, Jeff Carter, Jakub Voracek, Drew Miller
Scratches
Dylan Olsen (Healthy), Tomas Kubalik (Healthy)
% Time on Ice - Capitals
Lines # - Real PCT - Wanted PCT - Time Play
Normal Forward
1 - 32% - 35% - 13:59
2 - 19% - 25% - 8:16
3 - 24% - 20% - 10:35
4 - 25% - 20% - 10:48
Normal Defense
1 - 38% - 35% - 16:46
2 - 37% - 35% - 16:11
3 - 24% - 25% - 10:27
4 - 1% - 5% - 0:14
PP Forward
1 - 58% - 60% - 8:20
2 - 42% - 40% - 6:03
PP Defense
1 - 59% - 60% - 8:25
2 - 41% - 40% - 5:58
PK Forward
1 - 83% - 60% - 1:39
2 - 17% - 40% - 0:20
PK Defense
1 - 82% - 60% - 1:37
2 - 18% - 40% - 0:22
PK3 Forward
1 - 0% - 60%
2 - 0% - 40%
PK3 Defense
1 - 0% - 60%
2 - 0% - 40%
44 Forward
1 - 100% - 60% - 0:06
2 - 0% - 40% - 0:00
44 Defense
1 - 100% - 60% - 0:06
2 - 0% - 40% - 0:00
Last Minute Offensive - 0:00
Last Minute Defensive - 0:00
Total
Forward - 60:06
Defense - 60:06
|
% Time on Ice - Flyers
Lines # - Real PCT - Wanted PCT - Time Play
Normal Forward
1 - 33% - 40% - 14:17
2 - 26% - 30% - 11:20
3 - 25% - 20% - 11:05
4 - 16% - 10% - 6:56
Normal Defense
1 - 43% - 40% - 18:49
2 - 34% - 30% - 14:43
3 - 21% - 20% - 9:03
4 - 2% - 10% - 1:03
PP Forward
1 - 53% - 60% - 1:03
2 - 47% - 40% - 0:56
PP Defense
1 - 39% - 60% - 0:46
2 - 61% - 40% - 1:13
PK Forward
1 - 69% - 60% - 9:59
2 - 31% - 40% - 4:24
PK Defense
1 - 62% - 60% - 8:58
2 - 38% - 40% - 5:25
PK3 Forward
1 - 0% - 60%
2 - 0% - 40%
PK3 Defense
1 - 0% - 60%
2 - 0% - 40%
44 Forward
1 - 100% - 60% - 0:06
2 - 0% - 40% - 0:00
44 Defense
1 - 100% - 60% - 0:06
2 - 0% - 40% - 0:00
Last Minute Offensive - 0:00
Last Minute Defensive - 0:00
Total
Forward - 60:06
Defense - 60:06
|
Play-by-Play
1st period
0:01 of 1st period - Jordan Nolan wins face-off versus Jason Spezza in neutral zone.
0:08 of 1st period - Jordan Nolan is hit by Jason Spezza and loses puck.
0:15 of 1st period - Wrist shot by Alexander Radulov.
0:15 of 1st period - Stopped by Steve Mason without a rebound.
0:16 of 1st period - Jeff Carter wins face-off versus Cody Hodgson in Flyers zone.
0:27 of 1st period - Snap shot by Niclas Bergfors.
0:27 of 1st period - Shot Blocked by Nikita Zaitsev.
0:29 of 1st period - Slapshot by Jeff Carter.
0:29 of 1st period - Shot Misses the Net.
0:31 of 1st period - Wrist shot by Niclas Bergfors.
0:31 of 1st period - Shot Blocked by Mike Cammalleri.
0:54 of 1st period - Snap shot by Chris Mcallister.
0:54 of 1st period - Shot Blocked by Mark Stone.
1:08 of 1st period - Jujhar Khaira is hit by Jordan Nolan and loses puck.
1:53 of 1st period - Snap shot by Niclas Bergfors.
1:53 of 1st period - Shot Hit the Post.
1:57 of 1st period - Snap shot by Jeff Carter.
1:57 of 1st period - Stopped by Cory Schneider with a rebound.
3:21 of 1st period - Snap shot by Sean Monahan.
3:21 of 1st period - Deflect By Nathan Beaulieu.
3:21 of 1st period - Shot Misses the Net.
3:21 of 1st period - Puck is out of play.
3:22 of 1st period - Jordan Nolan wins face-off versus Jason Spezza in Flyers zone.
4:15 of 1st period - Snap shot by Steve Bernier.
4:15 of 1st period - Shot Blocked by Jacob Trouba.
4:17 of 1st period - Snap shot by Mike Cammalleri.
4:17 of 1st period - Stopped by Steve Mason without a rebound.
4:18 of 1st period - Jordan Nolan wins face-off versus Mike Cammalleri in Flyers zone.
4:29 of 1st period - Wrist shot by J.T. Miller.
4:29 of 1st period - Shot Blocked by Steve Bernier.
4:31 of 1st period - Snap shot by Jordan Nolan.
4:31 of 1st period - Stopped by Cory Schneider without a rebound.
4:32 of 1st period - Jordan Nolan wins face-off versus Jason Spezza in Capitals zone.
4:47 of 1st period - Wrist shot by Jordan Nolan.
4:47 of 1st period - Stopped by Cory Schneider with a rebound.
4:59 of 1st period - Brad Richardson is hit by Niclas Bergfors and loses puck.
5:44 of 1st period - Slapshot by Brian Lashoff.
5:44 of 1st period - Shot Blocked by PK Subban.
5:46 of 1st period - Slapshot by Matthew Lombardi.
5:46 of 1st period - Stopped by Cory Schneider with a rebound.
5:48 of 1st period - Slapshot by Jeff Woywitka.
5:48 of 1st period - Shot Misses the Net.
5:50 of 1st period - Slapshot by Jeff Woywitka.
5:50 of 1st period - Shot Blocked by Cody Hodgson.
6:54 of 1st period - Snap shot by Antoine Vermette.
6:54 of 1st period - Stopped by Steve Mason without a rebound.
6:55 of 1st period - Jordan Nolan wins face-off versus Jason Spezza in Flyers zone.
6:55 of 1st period - Jordan Nolan is hit by Jason Spezza.
7:21 of 1st period - Matt Smaby is hit by Cody Hodgson and loses puck.
7:41 of 1st period - Off-side.
7:42 of 1st period - Antoine Vermette wins face-off versus Travis Zajac in neutral zone.
7:45 of 1st period - Snap shot by Brian Ferlin.
7:45 of 1st period - Shot Misses the Net.
8:18 of 1st period - Slapshot by Brian Ferlin.
8:18 of 1st period - Shot Misses the Net.
8:20 of 1st period - Wrist shot by Jujhar Khaira.
8:20 of 1st period - Deflect By Brian Ferlin.
8:20 of 1st period - Stopped by Steve Mason with a rebound.
8:24 of 1st period - Slapshot by Jujhar Khaira.
8:24 of 1st period - Shot Misses the Net.
8:32 of 1st period - Slapshot by Matt Smaby.
8:32 of 1st period - Shot Misses the Net.
9:26 of 1st period - Slapshot by Antoine Vermette.
9:26 of 1st period - Stopped by Steve Mason with a rebound.
9:28 of 1st period - Slapshot by Alexei Marchenko.
9:28 of 1st period - Shot Misses the Net.
9:30 of 1st period - Snap shot by Nikita Zaitsev.
9:30 of 1st period - Deflect By Jujhar Khaira.
9:30 of 1st period - Shot Misses the Net.
9:30 of 1st period - Puck is out of play.
9:31 of 1st period - Jordan Nolan wins face-off versus Jason Spezza in Flyers zone.
10:05 of 1st period - Wrist shot by Drew Miller.
10:05 of 1st period - Shot Hit the Post.
10:07 of 1st period - Slapshot by Nathan Beaulieu.
10:07 of 1st period - Stopped by Cory Schneider without a rebound.
10:08 of 1st period - Jason Spezza wins face-off versus Matthew Lombardi in Capitals zone.
10:08 of 1st period - Jason Spezza is hit by Tyler Randell.
10:17 of 1st period - Minor Penalty to Matt Smaby for Slashing.
10:18 of 1st period - J.T. Miller wins face-off versus Jason Spezza in Flyers zone.
10:50 of 1st period - J.T. Miller is hit by Nikita Zaitsev and loses puck.
11:04 of 1st period - Icing by Alexander Radulov.
11:05 of 1st period - Mike Cammalleri wins face-off versus Jeff Carter in Capitals zone.
12:17 of 1st period - Penalty to Matt Smaby is over, Matt Smaby is back on ice.
12:34 of 1st period - Slapshot by Jujhar Khaira.
12:34 of 1st period - Deflect By Brian Ferlin.
12:34 of 1st period - Stopped by Steve Mason without a rebound.
12:35 of 1st period - Matthew Lombardi wins face-off versus Antoine Vermette in Flyers zone.
12:40 of 1st period - Brian Ferlin is hit by Nathan Beaulieu and loses puck.
13:49 of 1st period - Snap shot by Antoine Vermette.
13:49 of 1st period - Shot Misses the Net.
13:51 of 1st period - Snap shot by Jujhar Khaira.
13:51 of 1st period - Shot Blocked by Matt Smaby.
14:05 of 1st period - Snap shot by Brian Ferlin.
14:05 of 1st period - Shot Misses the Net.
14:07 of 1st period - Wrist shot by Antoine Vermette.
14:07 of 1st period - Shot Blocked by Nathan Beaulieu.
14:09 of 1st period - Slapshot by Trevor Daley.
14:09 of 1st period - Shot Blocked by Matt Smaby.
14:11 of 1st period - Slapshot by Cameron Gaunce.
14:11 of 1st period - Stopped by Steve Mason without a rebound.
14:12 of 1st period - Jordan Nolan wins face-off versus Jason Spezza in Flyers zone.
14:14 of 1st period - Minor Penalty to Jeff Woywitka for Hooking.
14:15 of 1st period - J.T. Miller wins face-off versus Jason Spezza in Flyers zone.
14:53 of 1st period - Jacob Trouba is hit by Victor Hedman and loses puck.
16:14 of 1st period - Penalty to Jeff Woywitka is over, Jeff Woywitka is back on ice.
16:30 of 1st period - Jonathan Ericsson is hit by Mark Stone and loses puck.
16:38 of 1st period - Icing by Niclas Bergfors.
16:39 of 1st period - Antoine Vermette wins face-off versus Jeff Carter in Flyers zone.
17:06 of 1st period - Snap shot by Travis Zajac.
17:06 of 1st period - Shot Misses the Net.
17:08 of 1st period - Slapshot by Jeff Woywitka.
17:08 of 1st period - Stopped by Cory Schneider without a rebound.
17:09 of 1st period - Jordan Nolan wins face-off versus Cody Hodgson in Capitals zone.
17:53 of 1st period - Wrist shot by Niclas Bergfors.
17:53 of 1st period - Shot Blocked by Victor Hedman.
17:55 of 1st period - Snap shot by Jeff Carter.
17:55 of 1st period - Deflect By PK Subban.
17:55 of 1st period - Shot Misses the Net.
17:55 of 1st period - Puck is out of play.
17:56 of 1st period - Jeff Carter wins face-off versus Sean Monahan in Capitals zone.
17:57 of 1st period - Snap shot by Niclas Bergfors.
17:57 of 1st period - Shot Blocked by Nikita Zaitsev.
18:01 of 1st period - Wrist shot by Niclas Bergfors.
18:01 of 1st period - Stopped by Cory Schneider with a rebound.
18:03 of 1st period - Slapshot by Niclas Bergfors.
18:03 of 1st period - Shot Misses the Net.
18:05 of 1st period - Wrist shot by Jacob Trouba.
18:05 of 1st period - Shot Blocked by Brad Richardson.
18:07 of 1st period - Slapshot by Jeff Woywitka.
18:07 of 1st period - Deflect By Drew Miller.
18:07 of 1st period - Stopped by Cory Schneider without a rebound.
18:08 of 1st period - Jordan Nolan wins face-off versus Blake Pietila in Capitals zone.
18:13 of 1st period - Wrist shot by J.T. Miller.
18:13 of 1st period - Shot Misses the Net.
18:15 of 1st period - Minor Penalty to Blake Pietila for Holding.
18:16 of 1st period - Jordan Nolan wins face-off versus Mike Cammalleri in Capitals zone.
18:33 of 1st period - Slapshot by Jakub Voracek.
18:33 of 1st period - Shot Blocked by PK Subban.
18:47 of 1st period - Slapshot by Drew Miller.
18:47 of 1st period - Stopped by Cory Schneider with a rebound.
18:49 of 1st period - Slapshot by Matt Smaby.
18:49 of 1st period - Stopped by Cory Schneider without a rebound.
18:50 of 1st period - Jason Spezza wins face-off versus Jeff Carter in Capitals zone.
18:59 of 1st period - Jason Spezza is hit by Niclas Bergfors and loses puck.
Goals for this period are 0 for Capitals vs 0 for Flyers.
Shots for this period are 7 for Capitals vs 10 for Flyers.
2nd period
0:01 of 2nd period - Jordan Nolan wins face-off versus Jason Spezza in neutral zone.
0:15 of 2nd period - Penalty to Blake Pietila is over, Blake Pietila is back on ice.
0:27 of 2nd period - Minor Penalty to Jeff Carter for Diving.
0:28 of 2nd period - Jason Spezza wins face-off versus J.T. Miller in Flyers zone.
1:30 of 2nd period - Jakub Voracek is hit by Jason Spezza and loses puck.
2:27 of 2nd period - Penalty to Jeff Carter is over, Jeff Carter is back on ice.
2:51 of 2nd period - Wrist shot by Sean Monahan.
2:51 of 2nd period - Shot Hit the Post.
3:18 of 2nd period - Icing by PK Subban.
3:19 of 2nd period - Sean Monahan wins face-off versus Matthew Lombardi in Capitals zone.
3:47 of 2nd period - Chris Mcallister is hit by Cody Hodgson and loses puck.
4:04 of 2nd period - Snap shot by Sean Monahan.
4:04 of 2nd period - Shot Misses the Net.
4:06 of 2nd period - Snap shot by Brad Richardson.
4:06 of 2nd period - Stopped by Steve Mason without a rebound.
4:07 of 2nd period - Sean Monahan wins face-off versus Jordan Nolan in Flyers zone.
4:16 of 2nd period - Snap shot by Mark Stone.
4:16 of 2nd period - Stopped by Steve Mason with a rebound.
4:56 of 2nd period - Snap shot by Blake Pietila.
4:56 of 2nd period - Deflect By Jason Spezza.
4:56 of 2nd period - Shot Misses the Net.
4:56 of 2nd period - Puck is out of play.
4:57 of 2nd period - Jason Spezza wins face-off versus Travis Zajac in Flyers zone.
5:04 of 2nd period - Jacob Trouba is hit by Jason Spezza and loses puck.
5:55 of 2nd period - Snap shot by Niclas Bergfors.
5:55 of 2nd period - Shot Misses the Net.
6:49 of 2nd period - Chris Mcallister is hit by Mike Cammalleri and loses puck.
7:12 of 2nd period - Wrist shot by Blake Pietila.
7:12 of 2nd period - Shot Blocked by Drew Miller.
7:14 of 2nd period - Snap shot by Blake Pietila.
7:14 of 2nd period - Stopped by Steve Mason with a rebound.
7:16 of 2nd period - Wrist shot by Alexander Radulov.
7:16 of 2nd period - Stopped by Steve Mason without a rebound.
7:17 of 2nd period - Jeff Carter wins face-off versus Blake Pietila in Flyers zone.
7:32 of 2nd period - Alexander Radulov is hit by Jeff Carter and loses puck.
7:51 of 2nd period - Wrist shot by Alexander Radulov.
7:51 of 2nd period - Shot Misses the Net.
7:53 of 2nd period - Wrist shot by Jason Spezza.
7:53 of 2nd period - Stopped by Steve Mason without a rebound.
7:54 of 2nd period - Cody Hodgson wins face-off versus Jordan Nolan in Flyers zone.
8:26 of 2nd period - Wrist shot by Sean Monahan.
8:26 of 2nd period - Shot Misses the Net.
8:28 of 2nd period - Snap shot by Brad Richardson.
8:28 of 2nd period - Shot Blocked by Matt Smaby.
8:30 of 2nd period - Slapshot by Nikita Zaitsev.
8:30 of 2nd period - Shot Misses the Net.
8:49 of 2nd period - Off-side.
8:50 of 2nd period - Antoine Vermette wins face-off versus Tyler Randell in neutral zone.
8:53 of 2nd period - Jeff Woywitka is hit by Jujhar Khaira and loses puck.
9:06 of 2nd period - Slapshot by Jeff Woywitka.
9:06 of 2nd period - Stopped by Cory Schneider without a rebound.
9:07 of 2nd period - Jordan Nolan wins face-off versus Jason Spezza in Capitals zone.
9:08 of 2nd period - Wrist shot by Jakub Voracek.
9:08 of 2nd period - Stopped by Cory Schneider without a rebound.
9:09 of 2nd period - Jordan Nolan wins face-off versus Jason Spezza in Capitals zone.
10:44 of 2nd period - Snap shot by Blake Pietila.
10:44 of 2nd period - Stopped by Steve Mason without a rebound.
10:45 of 2nd period - Jordan Nolan wins face-off versus Alexander Radulov in Flyers zone.
10:55 of 2nd period - Slapshot by Alexei Marchenko.
10:55 of 2nd period - Stopped by Steve Mason with a rebound.
11:01 of 2nd period - Snap shot by Alexander Radulov.
11:01 of 2nd period - Shot Misses the Net.
11:03 of 2nd period - Slapshot by Jason Spezza.
11:03 of 2nd period - Goal by Jason Spezza - Capitals : 1 - Flyers : 0.
11:04 of 2nd period - Jason Spezza wins face-off versus Jordan Nolan in neutral zone.
11:42 of 2nd period - Slapshot by Alexei Marchenko.
11:42 of 2nd period - Shot Misses the Net.
11:54 of 2nd period - Slapshot by PK Subban.
11:54 of 2nd period - Shot Misses the Net.
12:00 of 2nd period - Slapshot by Victor Hedman.
12:00 of 2nd period - Shot Misses the Net.
12:02 of 2nd period - Snap shot by Mike Cammalleri.
12:02 of 2nd period - Shot Misses the Net.
12:12 of 2nd period - Brock Nelson is hit by Jason Spezza and loses puck.
12:40 of 2nd period - Wrist shot by Jujhar Khaira.
12:40 of 2nd period - Shot Misses the Net.
12:51 of 2nd period - Icing by Jeff Woywitka.
12:52 of 2nd period - Jeff Carter wins face-off versus Mark Stone in Flyers zone.
13:36 of 2nd period - Snap shot by Mark Stone.
13:36 of 2nd period - Deflect By Jeff Carter.
13:36 of 2nd period - Shot Misses the Net.
13:36 of 2nd period - Puck is out of play.
13:37 of 2nd period - Blake Pietila wins face-off versus Jakub Voracek in Flyers zone.
13:52 of 2nd period - Snap shot by Jason Spezza.
13:52 of 2nd period - Shot Misses the Net.
14:04 of 2nd period - Nikita Zaitsev is hit by Marcus Kruger and loses puck.
15:05 of 2nd period - Snap shot by Jeff Carter.
15:05 of 2nd period - Stopped by Cory Schneider without a rebound.
15:06 of 2nd period - Jeff Carter wins face-off versus Jason Spezza in Capitals zone.
15:07 of 2nd period - Wrist shot by Niclas Bergfors.
15:07 of 2nd period - Stopped by Cory Schneider without a rebound.
15:08 of 2nd period - Niclas Bergfors wins face-off versus Jason Spezza in Capitals zone.
15:15 of 2nd period - Snap shot by Niclas Bergfors.
15:15 of 2nd period - Shot Blocked by Alexei Marchenko.
15:33 of 2nd period - J.T. Miller is hit by Nikita Zaitsev and loses puck.
15:58 of 2nd period - PK Subban is hit by Travis Zajac and loses puck.
16:03 of 2nd period - Snap shot by Marcus Kruger.
16:03 of 2nd period - Shot Blocked by PK Subban.
16:15 of 2nd period - Wrist shot by Brock Nelson.
16:15 of 2nd period - Stopped by Cory Schneider without a rebound.
16:16 of 2nd period - Antoine Vermette wins face-off versus Matthew Lombardi in Capitals zone.
16:16 of 2nd period - Antoine Vermette is hit by Brock Nelson.
17:05 of 2nd period - Minor Penalty to Jonathan Ericsson for Hooking.
17:06 of 2nd period - J.T. Miller wins face-off versus Jason Spezza in Flyers zone.
17:18 of 2nd period - Wrist shot by J.T. Miller.
17:18 of 2nd period - Stopped by Cory Schneider without a rebound.
17:19 of 2nd period - J.T. Miller wins face-off versus Jason Spezza in Capitals zone.
18:08 of 2nd period - Nathan Beaulieu is hit by Alexander Radulov and loses puck.
19:05 of 2nd period - Penalty to Jonathan Ericsson is over, Jonathan Ericsson is back on ice.
19:14 of 2nd period - Wrist shot by Marcus Kruger.
19:14 of 2nd period - Goal by Marcus Kruger - Capitals : 1 - Flyers : 1.
19:15 of 2nd period - Jeff Carter wins face-off versus Sean Monahan in neutral zone.
Goals for this period are 1 for Capitals vs 1 for Flyers.
Shots for this period are 8 for Capitals vs 7 for Flyers.
3rd period
0:01 of 3rd period - Jordan Nolan wins face-off versus Jason Spezza in neutral zone.
0:08 of 3rd period - Snap shot by Jakub Voracek.
0:08 of 3rd period - Shot Blocked by Alexander Radulov.
0:10 of 3rd period - Snap shot by J.T. Miller.
0:10 of 3rd period - Stopped by Cory Schneider with a rebound.
0:12 of 3rd period - Snap shot by Jordan Nolan.
0:12 of 3rd period - Shot Misses the Net.
0:14 of 3rd period - Slapshot by Jeff Woywitka.
0:14 of 3rd period - Shot Misses the Net.
0:16 of 3rd period - Slapshot by Jeff Woywitka.
0:16 of 3rd period - Stopped by Cory Schneider without a rebound.
0:17 of 3rd period - Steve Bernier wins face-off versus Jeff Carter in Capitals zone.
0:31 of 3rd period - Icing by Steve Bernier.
0:32 of 3rd period - Cody Hodgson wins face-off versus Jordan Nolan in Capitals zone.
0:54 of 3rd period - Snap shot by Victor Hedman.
0:54 of 3rd period - Stopped by Steve Mason without a rebound.
0:55 of 3rd period - Niclas Bergfors wins face-off versus Jason Spezza in Flyers zone.
0:55 of 3rd period - Niclas Bergfors is hit by Alexei Marchenko.
1:41 of 3rd period - Wrist shot by Cody Hodgson.
1:41 of 3rd period - Shot Misses the Net.
2:23 of 3rd period - Brian Ferlin is hit by J.T. Miller and loses puck.
2:30 of 3rd period - Wrist shot by Jakub Voracek.
2:30 of 3rd period - Shot Misses the Net.
2:32 of 3rd period - Snap shot by Jakub Voracek.
2:32 of 3rd period - Deflect By J.T. Miller.
2:32 of 3rd period - Shot Misses the Net.
2:32 of 3rd period - Puck is out of play.
2:33 of 3rd period - Jason Spezza wins face-off versus Jeff Carter in Capitals zone.
2:42 of 3rd period - Snap shot by Drew Miller.
2:42 of 3rd period - Shot Misses the Net.
2:44 of 3rd period - Wrist shot by Jeff Carter.
2:44 of 3rd period - Shot Misses the Net.
2:46 of 3rd period - Snap shot by Niclas Bergfors.
2:46 of 3rd period - Shot Misses the Net.
2:48 of 3rd period - Snap shot by Drew Miller.
2:48 of 3rd period - Goal by Drew Miller - Capitals : 1 - Flyers : 2.
2:49 of 3rd period - Jason Spezza wins face-off versus Jordan Nolan in neutral zone.
2:54 of 3rd period - Jakub Voracek is hit by Nikita Zaitsev and loses puck.
3:01 of 3rd period - Wrist shot by Jason Spezza.
3:01 of 3rd period - Stopped by Steve Mason without a rebound.
3:02 of 3rd period - Jordan Nolan wins face-off versus Jason Spezza in Flyers zone.
3:09 of 3rd period - Alexei Marchenko is hit by Jordan Nolan and loses puck.
3:38 of 3rd period - Snap shot by Alexei Marchenko.
3:38 of 3rd period - Shot Blocked by Jacob Trouba.
3:40 of 3rd period - Snap shot by Steve Bernier.
3:40 of 3rd period - Stopped by Steve Mason with a rebound.
3:52 of 3rd period - Wrist shot by Jujhar Khaira.
3:52 of 3rd period - Deflect By Antoine Vermette.
3:52 of 3rd period - Shot Blocked by Jacob Trouba.
3:52 of 3rd period - Puck is out of play.
3:53 of 3rd period - Antoine Vermette wins face-off versus Jordan Nolan in Flyers zone.
3:54 of 3rd period - Backhand shot by Victor Hedman.
3:54 of 3rd period - Stopped by Steve Mason without a rebound.
3:55 of 3rd period - Jakub Voracek wins face-off versus Antoine Vermette in Flyers zone.
4:02 of 3rd period - Nathan Beaulieu is hit by Trevor Daley and loses puck.
4:21 of 3rd period - Double Minor Penalty to Jakub Voracek for High sticking.
4:22 of 3rd period - J.T. Miller wins face-off versus Jason Spezza in Flyers zone.
4:22 of 3rd period - J.T. Miller is hit by Jason Spezza.
4:48 of 3rd period - J.T. Miller is hit by Blake Pietila and loses puck.
6:43 of 3rd period - Matt Smaby is hit by Blake Pietila and loses puck.
8:17 of 3rd period - Icing by Alexei Marchenko.
8:18 of 3rd period - Antoine Vermette wins face-off versus J.T. Miller in Capitals zone.
8:21 of 3rd period - Penalty to Jakub Voracek is over, Jakub Voracek is back on ice.
8:45 of 3rd period - Alexander Radulov is hit by Brian Lashoff and loses puck.
9:14 of 3rd period - Snap shot by Chris Mcallister.
9:14 of 3rd period - Stopped by Cory Schneider without a rebound.
9:15 of 3rd period - Cody Hodgson wins face-off versus Travis Zajac in Capitals zone.
9:28 of 3rd period - Snap shot by Chris Mcallister.
9:28 of 3rd period - Stopped by Cory Schneider with a rebound.
9:30 of 3rd period - Slapshot by Jacob Trouba.
9:30 of 3rd period - Stopped by Cory Schneider with a rebound.
9:32 of 3rd period - Snap shot by Travis Zajac.
9:32 of 3rd period - Shot Blocked by Alexei Marchenko.
9:44 of 3rd period - Snap shot by Chris Mcallister.
9:44 of 3rd period - Stopped by Cory Schneider without a rebound.
9:45 of 3rd period - Blake Pietila wins face-off versus Jordan Nolan in Capitals zone.
10:18 of 3rd period - Snap shot by Victor Hedman.
10:18 of 3rd period - Stopped by Steve Mason without a rebound.
10:19 of 3rd period - Sean Monahan wins face-off versus Jeff Carter in Flyers zone.
10:24 of 3rd period - Snap shot by Sean Monahan.
10:24 of 3rd period - Shot Blocked by Jeff Woywitka.
11:09 of 3rd period - Wrist shot by Alexander Radulov.
11:09 of 3rd period - Shot Misses the Net.
11:17 of 3rd period - Wrist shot by Marcus Kruger.
11:17 of 3rd period - Stopped by Cory Schneider without a rebound.
11:18 of 3rd period - Jordan Nolan wins face-off versus Cody Hodgson in Capitals zone.
11:21 of 3rd period - Snap shot by J.T. Miller.
11:21 of 3rd period - Shot Blocked by Cameron Gaunce.
12:50 of 3rd period - Minor Penalty to Drew Miller for Goalie Interference.
12:51 of 3rd period - Jason Spezza wins face-off versus J.T. Miller in Flyers zone.
12:55 of 3rd period - Snap shot by Jason Spezza.
12:55 of 3rd period - Shot Misses the Net.
12:57 of 3rd period - Snap shot by Mike Cammalleri.
12:57 of 3rd period - Deflect By Jason Spezza.
12:57 of 3rd period - Stopped by Steve Mason with a rebound.
12:59 of 3rd period - Slapshot by Cameron Gaunce.
12:59 of 3rd period - Shot Misses the Net.
13:01 of 3rd period - Snap shot by Alexander Radulov.
13:01 of 3rd period - Deflect By Jason Spezza.
13:01 of 3rd period - Shot Misses the Net.
13:01 of 3rd period - Puck is out of play.
13:02 of 3rd period - J.T. Miller wins face-off versus Jason Spezza in Flyers zone.
13:27 of 3rd period - Jacob Trouba is hit by Steve Bernier and loses puck.
14:17 of 3rd period - Chris Mcallister is hit by Victor Hedman and loses puck.
14:50 of 3rd period - Penalty to Drew Miller is over, Drew Miller is back on ice.
15:15 of 3rd period - Snap shot by Jakub Voracek.
15:15 of 3rd period - Shot Misses the Net.
15:17 of 3rd period - Slapshot by Brian Lashoff.
15:17 of 3rd period - Deflect By Jeff Carter.
15:17 of 3rd period - Stopped by Cory Schneider without a rebound.
15:18 of 3rd period - Antoine Vermette wins face-off versus Travis Zajac in Capitals zone.
15:49 of 3rd period - Snap shot by Matt Smaby.
15:49 of 3rd period - Stopped by Cory Schneider without a rebound.
15:50 of 3rd period - Jason Spezza wins face-off versus Matthew Lombardi in Capitals zone.
16:05 of 3rd period - Backhand shot by Jeff Woywitka.
16:05 of 3rd period - Stopped by Cory Schneider without a rebound.
16:06 of 3rd period - Sean Monahan wins face-off versus Travis Zajac in Capitals zone.
16:08 of 3rd period - Icing by PK Subban.
16:09 of 3rd period - Sean Monahan wins face-off versus Marcus Kruger in Capitals zone.
16:21 of 3rd period - Minor Penalty to Jacob Trouba for Hooking.
16:22 of 3rd period - J.T. Miller wins face-off versus Jason Spezza in Flyers zone.
16:30 of 3rd period - Slapshot by PK Subban.
16:30 of 3rd period - Stopped by Steve Mason with a rebound.
16:50 of 3rd period - Snap shot by Cody Hodgson.
16:50 of 3rd period - Goal by Cody Hodgson - Capitals : 2 - Flyers : 2.
16:51 of 3rd period - Sean Monahan wins face-off versus Travis Zajac in neutral zone.
17:18 of 3rd period - Wrist shot by Jason Spezza.
17:18 of 3rd period - Stopped by Steve Mason without a rebound.
17:19 of 3rd period - Jordan Nolan wins face-off versus Jason Spezza in Flyers zone.
17:28 of 3rd period - Snap shot by Jakub Voracek.
17:28 of 3rd period - Stopped by Cory Schneider without a rebound.
17:29 of 3rd period - Antoine Vermette wins face-off versus Jordan Nolan in Capitals zone.
17:38 of 3rd period - Slapshot by Brian Ferlin.
17:38 of 3rd period - Stopped by Steve Mason without a rebound.
17:39 of 3rd period - Travis Zajac wins face-off versus Jujhar Khaira in Flyers zone.
17:44 of 3rd period - Snap shot by Travis Zajac.
17:44 of 3rd period - Shot Blocked by Antoine Vermette.
17:52 of 3rd period - Slapshot by Antoine Vermette.
17:52 of 3rd period - Shot Blocked by Chris Mcallister.
17:54 of 3rd period - Slapshot by Victor Hedman.
17:54 of 3rd period - Deflect By Travis Zajac.
17:54 of 3rd period - Stopped by Steve Mason with a rebound.
17:56 of 3rd period - Wrist shot by Brian Ferlin.
17:56 of 3rd period - Shot Misses the Net.
18:04 of 3rd period - Wrist shot by Brian Ferlin.
18:04 of 3rd period - Shot Misses the Net.
18:06 of 3rd period - Snap shot by Jujhar Khaira.
18:06 of 3rd period - Stopped by Steve Mason with a rebound.
18:08 of 3rd period - Snap shot by Antoine Vermette.
18:08 of 3rd period - Deflect By Marcus Kruger.
18:08 of 3rd period - Shot Misses the Net.
18:08 of 3rd period - Puck is out of play.
18:09 of 3rd period - Mark Stone wins face-off versus Jordan Nolan in Flyers zone.
18:16 of 3rd period - Matt Smaby is hit by Brad Richardson and loses puck.
18:23 of 3rd period - Slapshot by Jakub Voracek.
18:23 of 3rd period - Stopped by Cory Schneider without a rebound.
18:24 of 3rd period - Antoine Vermette wins face-off versus Travis Zajac in Capitals zone.
18:57 of 3rd period - Snap shot by Brad Richardson.
18:57 of 3rd period - Stopped by Steve Mason with a rebound.
18:59 of 3rd period - Slapshot by Trevor Daley.
18:59 of 3rd period - Shot Misses the Net.
19:01 of 3rd period - Snap shot by Sean Monahan.
19:01 of 3rd period - Shot Misses the Net.
19:17 of 3rd period - J.T. Miller is hit by Jason Spezza and loses puck.
19:36 of 3rd period - Blake Pietila is hit by Matt Smaby and loses puck.
19:41 of 3rd period - Snap shot by Travis Zajac.
19:41 of 3rd period - Stopped by Cory Schneider with a rebound.
Goals for this period are 1 for Capitals vs 1 for Flyers.
Shots for this period are 13 for Capitals vs 14 for Flyers.
Overtime #1
0:01 of 1st overtime period - Jason Spezza wins face-off versus J.T. Miller in neutral zone.
0:06 of 1st overtime period - Wrist shot by Jason Spezza.
0:06 of 1st overtime period - Goal by Jason Spezza - Capitals : 3 - Flyers : 2.
Goals for this period are 1 for Capitals vs 0 for Flyers.
Shots for this period are 1 for Capitals vs 0 for Flyers.